 Dungeon Crawl Stone Soup version 0.28-a0-779-g3d1f99b579 (webtiles) character file.

Game seed: 5316464382932846552

278234 porpoise the Eclecticist (level 19, -1/112 HPs)
             Began as a Deep Elf Conjurer on Nov 1, 2021.
             Was the Champion of Vehumet.
             Shot with an arrow by a deep elf master archer (20 damage)
             ... on level 3 of the Elven Halls on Nov 3, 2021.
             The game lasted 06:08:21 (62430 turns).

porpoise the Eclecticist (Deep Elf Conjurer)       Turns: 62430, Time: 06:08:21

Health: -1/112     AC:  9    Str:  8    XL:     19   Next: 62%
Magic:  28/43      EV: 16    Int: 28    God:    Vehumet [******]
Gold:   743        SH:  6    Dex: 11    Spells: 3/54 levels left

rFire   + . .      SeeInvis .   a - staff of conjuration
rCold   + . .      Faith    .   O - +2 buckler
rNeg    . . .      Spirit   .   U - +2 robe {Will+}
rPois   +          Reflect  .   (helmet restricted)
rElec   .          Harm     .   V - scarf {rC+ rF+}
rCorr   .          Rampage  .   g - +2 pair of gloves
Will    +++..      Clarity  +   o - +1 pair of boots
Stlth   +++++.....              F - amulet of magic regeneration
HPRegen 0.28/turn               t - ring of poison resistance
MPRegen 0.53/turn               d - ring of willpower

@: studying 2 skills
A: antennae 1, clarity, clumsy 1, evolution 1
}: 2/15 runes: decaying, serpentine
a: Renounce Religion


You were on level 3 of the Elven Halls.
You worshipped Vehumet.
Vehumet was exalted by your worship.
You visited 7 branches of the dungeon, and saw 34 of its levels.

You collected 3476 gold pieces.
You spent 2733 gold pieces at shops.

Inventory:

Hand Weapons
 Q - the +8 mace of World's End {elec, rElec}
   (You found it on level 3 of the Elven Halls)

   It occasionally discharges a powerful burst of electricity upon striking a
   foe.
   rElec:     It insulates you from electricity.
Missiles
 e - 6 boomerangs
 G - 14 curare-tipped darts (quivered)
Armour
 g - a +2 pair of gloves (worn)
 o - a +1 pair of boots (worn)
 I - a +2 helmet
 O - a +2 buckler (worn)
 U - a +2 robe of willpower (worn)
 V - a scarf of resistance (worn)
Magical Staves
 a - a staff of conjuration (weapon)
 b - a staff of earth
 R - a staff of cold
Jewellery
 c - a ring of ice
 d - a ring of willpower (right hand)
 s - a ring of protection from cold
 t - a ring of poison resistance (left hand)
 C - a ring of see invisible
 E - a ring of flight
 F - an amulet of magic regeneration (around neck)
 P - a ring of fire
 T - a ring of protection from fire
Wands
 j - a wand of iceblast (48)
 k - a wand of mindburst (48)
 l - a wand of flame (76)
 r - a wand of paralysis (37)
 D - a wand of acid (24)
 H - a wand of polymorph (42)
 N - a wand of charming (10)
 Y - a wand of digging (15)
Scrolls
 h - 5 scrolls of fog
 i - 9 scrolls of teleportation
 n - a scroll of magic mapping
 p - 6 scrolls of blinking
 A - 2 scrolls of vulnerability
 J - 3 scrolls of fear
 S - a scroll of immolation
 W - 18 scrolls of identify
Potions
 m - a potion of lignification
 q - 18 potions of curing
 v - 5 potions of haste
 x - 4 potions of invisibility
 z - 8 potions of heal wounds
 B - 5 potions of resistance
 K - 4 potions of ambrosia
 L - 5 potions of attraction
 M - a potion of magic
 X - 2 potions of cancellation
Miscellaneous
 f - a tin of tremorstones (2/2)
 u - a phantom mirror
 w - a phial of floods
 y - a box of beasts


   Skills:
 + Level 10.0 Fighting
 - Level 12.0 Dodging
 - Level 12.0 Stealth
 - Level 4.0 Shields
 - Level 18.0 Spellcasting
 - Level 14.0 Conjurations
 - Level 14.0 Hexes
 - Level 14.1 Necromancy
 - Level 12.0 Translocations
 - Level 5.0 Transmutations
 * Level 13.0 Fire Magic
 - Level 5.0 Air Magic
 - Level 14.0 Earth Magic
 - Level 7.0 Poison Magic
 - Level 7.0 Evocations


You had 3 spell levels left.
You knew the following spells:

 Your Spells              Type           Power      Damage    Failure   Level
a - Magic Dart            Conj           100%       1d8       0%          1
b - Searing Ray           Conj           100%       2d8       0%          2
c - Fulminant Prism       Conj/Hex       50%        3d23      1%          4
d - Iskenderun's Mystic   Conj/Tloc      98%        2d19      1%          4
e - Iron Shot             Conj/Erth      50%        9d10      1%          6
i - Invisibility          Hex            40%        N/A       1%          6
l - Lee's Rapid Deconstr  Erth           40%        3d21*     1%          5
m - Fire Storm            Conj/Fire      50%        8d13      83%         9
o - Orb of Destruction    Conj           50%        9d15      1%          7
r - Irradiate             Conj/Tmut      43%        3d27      1%          5
s - Sublimation of Blood  Necr           81%        N/A       0%          2

Your spell library contained the following spells:

 Spells                   Type           Power      Damage    Failure   Level
 Lehudib's Crystal Spear  Conj/Erth      50%        10d12     11%         8
 Ignition                 Fire           39%        3d12      14%         8
 Maxwell's Capacitive Co  Air            26%        ∞         96%         8
 Slow                     Hex            100%       N/A       0%          1
 Confusing Touch          Hex            80%        N/A       0%          3
 Dazzling Flash           Conj/Hex       100%       N/A       0%          3
 Inner Flame              Hex/Fire       79%        N/A       0%          3
 Freeze                   Ice            100%       1d11      1%          1
 Shock                    Conj/Air       100%       1d9       1%          1
 Corpse Rot               Necr/Air       100%       N/A       1%          2
 Passwall                 Tmut/Erth      56%        N/A       1%          2
 Poisonous Vapours        Pois/Air       100%       N/A       1%          2
 Static Discharge         Conj/Air       87%        N/A       1%          2
 Wereblood                Tmut           52%        N/A       1%          2
 Frozen Ramparts          Ice            50%        1d7       1%          3
 Ignite Poison            Fire/Tmut/Pois 64%        N/A       1%          3
 Mephitic Cloud           Conj/Pois/Air  84%        N/A       1%          3
 Swiftness                Air            52%        N/A       1%          3
 Ozocubu's Armour         Ice            25%        N/A       5%          3
 Airstrike                Air            26%        N/A       1%          4
 Animate Dead             Necr           40%        N/A       1%          4
 Cause Fear               Hex            40%        N/A       1%          4
 Dispel Undead            Necr           81%        3d26      1%          4
 Hailstorm                Conj/Ice       77%        3d16      1%          4
 Leda's Liquefaction      Hex/Erth       40%        N/A       1%          4
 Petrify                  Tmut/Erth      68%        N/A       1%          4
 Sticky Flame             Conj/Fire      100%       2d11      1%          4
 Freezing Cloud           Conj/Ice/Air   37%        6-21      1%          5
 Yara's Violent Unravell  Hex/Tmut       34%        3d14      1%          5
 Death Channel            Necr           40%        N/A       1%          6
 Summon Mana Viper        Hex/Summ       59%        N/A       2%          5
 Statue Form              Tmut/Erth      45%        N/A       5%          6
 Ice Form                 Ice/Tmut       39%        N/A       6%          4
 Simulacrum               Ice/Necr       29%        N/A       16%         6
 Summon Ice Beast         Ice/Summ       25%        N/A       17%         4
 Infestation              Necr           40%        N/A       34%         8
 Discord                  Hex            40%        N/A       36%         8
 Haunt                    Necr/Summ      29%        N/A       63%         7
 Shatter                  Erth           40%        3d31*     78%         9
 Ozocubu's Refrigeration  Ice            12%        4d7       96%         7
 Monstrous Menagerie      Summ           12%        N/A       100%        7
 Summon Hydra             Summ           12%        N/A       100%        7
 Chain Lightning          Conj/Air       43%        3d58      100%        9


Dungeon Overview and Level Annotations

Branches:
Dungeon (15/15)            Temple (1/1) D:7            Lair (5/6) D:11
  Swamp (4/4) Lair:3        Snake (4/4) Lair:3          Orc (2/2) D:9
    Elf (3/3) Orc:2        Vaults (0/5) D:13         Depths (0/4) D:15
  Slime: Lair:5-6

Altars:
Cheibriados
Dithmenos
Hepliaklqana
Kikubaaqudgha
Makhleb
Nemelex Xobeh
Okawaru
Qazlal
Ru
Sif Muna
Vehumet
Yredelemnul
The Shining One
Beogh

Shops:
D:3 [   D:6 *   Orc:1 *[   Orc:2 (!:!*   Elf:2 *   Snake:3 (=   Snake:4 :==

Portals:
Pandemonium: Orc:2

Annotations:
D:7 exclusion: downstairs
Lair:4 2 transporters
Elf:1 6 runed translucent doors


Innate Abilities, Weirdness & Mutations

You have a pair of small antennae on your head.
You possess an exceptional clarity of mind.
You are clumsy. (Dex -2)
You have hidden genetic potential.


Message History

You start resting.
A deep elf master archer comes into view.
It is wearing a +1 chain mail of cold resistance.
The deep elf master archer wields a +0 longbow.
The deep elf master archer shoots an arrow.
The arrow hits you!!!
Casting: Lee's Rapid Deconstruction (safe; 1% risk of failure)
Confirm with . or Enter, or press ? or * to list all spells.
You don't know that spell.
Casting: Lee's Rapid Deconstruction (safe; 1% risk of failure)
Confirm with . or Enter, or press ? or * to list all spells.
Aiming: Fulminant Prism (safe; 1% risk of failure)
Press: ? - help, Dir - move target You feel a surge of power!
You conjure a prism of explosive energy!
A fulminant prism comes into view.
Your fulminant prism crackles loudly.
Your fulminant prism explodes!
Casting: Fulminant Prism (safe; 1% risk of failure)
Confirm with . or Enter, or press ? or * to list all spells.
Aiming: Fulminant Prism (safe; 1% risk of failure)
Press: ? - help, Dir - move target You feel a surge of power!
You conjure a prism of explosive energy!
A fulminant prism comes into view.
Casting: Fulminant Prism (safe; 1% risk of failure)
Confirm with . or Enter, or press ? or * to list all spells.
Aiming: Fulminant Prism (safe; 1% risk of failure)
Press: ? - help, Dir - move target You can't see that place. [a rock wall.]
Okay, then.
The deep elf master archer shoots an arrow.
The arrow hits you.
Your fulminant prism crackles loudly.
The deep elf master archer shoots an arrow.
The arrow hits you!!
* * * LOW HITPOINT WARNING * * *
The deep elf master archer shoots an arrow.
The arrow hits you!!
You die...

####.......##..##)####......#
##......#...))....#......#
#e*....#....#)###.......#
#.#....###..##.##.#......#
#.####.#.##..##.#)###...##.
#)# ##.#.#####..## ##..###
#.# ##.#.####.## ##.#.. #.#
##.#.##..# ##... .).
##@.).#.#########.. .e
########†.................
.......)..................
######....#.#.##########.[
#.).#.##.#########...
#...).............#..
#..)####.###########. #...#
##.## #.
##..<###...###########


You could see a deep elf master archer (ally target) and a friendly fulminant
prism.

Vanquished Creatures
  Mara (Swamp:3)
  Jorgrun (Orc:1)
  2 deep elf blademasters (Elf:3)
  A thorn hunter (Swamp:4)
  Frances (D:12)
  Kirke (Swamp:3)
  5 fenstrider witches (Swamp:4)
  4 nagarajas
  A fire giant (D:15)
  3 deep elf sorcerers (Elf:3)
  Louise (Swamp:3)
  2 deep elf elementalists
  3 ghouls
  2 reapers (Swamp:4)
  A demonspawn black sun (D:13)
  3 deep elf demonologists
  Nessos (D:12)
  Azrael (D:13)
  2 deep elf annihilators (Elf:3)
  A bunyip (Swamp:2)
  12 eleionomae
  A deep elf death mage (Elf:3)
  Josephine (D:14)
  An ettin (Orc:1)
  4 deep elf high priests
  Erolcha (D:9)
  18 hydras
  15 naga warriors
  A vault guard (D:13)
  2 salamander tyrants (Snake:4)
  2 spriggan air magi
  2 ogre magi
  4 boulder beetles
  Erica (D:9)
  6 centaur warriors
  9 anacondas
  2 demonspawn (Orc:2)
  2 death knights
  8 alligators
  2 tengu warriors
  7 two-headed ogres
  8 death yaks
  Urug (D:11)
  A spriggan berserker (Swamp:1)
  27 dancing weapons
  3 shock serpents
  Nergalle (Orc:1)
  11 naga sharpshooters
  4 orc high priests (Orc:2)
  Sonja (Orc:2)
  24 deep elf knights
  11 spriggans
  4 sun demons (D:13)
  7 spriggan druids
  6 salamander mystics
  3 large abominations (D:13)
  6 goliath frogs
  A flayed ghost (D:15)
  3 sea snakes (Snake:4)
  8 swamp dragons
  A deep troll (D:13)
  7 naga ritualists
  3 bog bodies
  3 wizards (Swamp:4)
  A death drake (Swamp:4)
  Pikel (D:8)
  10 deep elf archers
  4 orc knights (Orc:2)
  A mana viper (shapeshifter) (D:14)
  33 deep elf pyromancers
  10 orc sorcerers
  29 deep elf zephyrmancers
  13 mana vipers
  3 will-o-the-wisps
  3 manticores
  11 ugly things
  5 cyclopes
  13 salamanders
  An ice statue (Lair:1)
  48 black mambas
  Joseph (D:9)
  A guardian serpent (Snake:4)
  Maurice (D:12)
  2 orange demons (Swamp:4)
  A rust devil (Orc:2)
  14 naga magi
  8 cane toads
  3 rime drakes (Lair:1)
  4 unseen horrors
  8 komodo dragons
  2 ice devils
  6 freezing wraiths
  An entropy weaver simulacrum (Lair:1)
  A tengu conjurer (D:14)
  2 hellwings (Swamp:4)
  A red devil (Orc:2)
  4 trolls
  A troll (shapeshifter) (D:14)
  4 polar bears
  A meliai (shapeshifter) (Elf:1)
  Grinder (D:3)
  6 tyrant leeches
  10 hornets
  4 slime creatures (D:12)
  5 blink frogs (Lair:2)
  A blink frog (shapeshifter) (D:15)
  6 water elementals
  Sigmund (D:2)
  An air elemental (Elf:2)
  A vampire (D:13)
  2 shadows
  6 wraiths
  70 yaks
  A redback (D:9)
  5 fire elementals
  3 wyverns
  Grum (D:9)
  A basilisk (Lair:4)
  2 hogs
  4 steam dragons
  10 vampire mosquitoes
  6 neqoxecs
  4 chaos spawn
  Edmund (D:4)
  2 wargs (Orc:1)
  16 swamp worms
  11 water moccasins
  3 hell hounds (D:14)
  30 nagas
  4 acid dragons
  2 swamp drakes (Swamp:1)
  10 black bears
  42 orc warriors
  Duvessa (D:6)
  3 ice beasts
  4 sky beasts
  2 necrophages
  8 ogres
  21 wolves
  24 centaurs
  A lemure (D:8)
  12 bullfrogs
  A small abomination (D:13)
  A kobold brigand (D:9)
  3 earth elementals
  4 gnoll sergeants
  3 scorpions
  A two-headed ogre simulacrum (Lair:1)
  Dowan (D:6)
  A wyvern skeleton (D:7)
  2 water moccasin skeletons
  11 killer bees
  11 wights
  7 howler monkeys
  8 electric eels
  A crimson imp (D:9)
  3 jellies
  22 orc priests
  5 centaur zombies
  A gnoll shaman (D:4)
  6 hounds
  Jessica (D:2)
  Terence (D:2)
  A spriggan simulacrum (Lair:1)
  Natasha (thrice) (D:3)
  2 iguanas
  24 orc wizards
  2 polar bear simulacra (Lair:1)
  2 killer bee zombies
  A wolf simulacrum (Lair:1)
  A hound skeleton (D:4)
  4 howler monkey zombies
  27 gnolls
  6 adders
  A shadow imp (D:5)
  4 white imps
  An ufetubus (D:5)
  An adder zombie (D:3)
  A worm (D:4)
  3 dart slugs
  84 orcs
  4 ball pythons
  7 endoplasms
  4 giant cockroaches
  6 hobgoblins
  7 jackals
  8 kobolds
  3 quokkas (D:4)
  5 bats
  4 frilled lizards
  9 goblins
  7 rats
1208 creatures vanquished.

Vanquished Creatures (collateral kills)
  A killer bee (D:11)
1 creature vanquished.

Vanquished Creatures (others)
  A deep elf knight (Elf:2)
  2 large abominations (D:13)
  A bloated husk (Swamp:3)
  An orc (Elf:1)
  14 foxfires
  567 fulminant prisms
  47 fungi
  67 plants
700 creatures vanquished.

Grand Total: 1909 creatures vanquished

Notes
Turn   | Place    | Note
-------+----------+-------------------------------------------
     0 | D:1      | porpoise the Deep Elf Conjurer began the quest for the Orb.
     0 | D:1      | Reached XP level 1. HP: 10/10 MP: 6/6
   241 | D:1      | Found a faded altar of an unknown god.
   402 | D:1      | Reached XP level 2. HP: 15/15 MP: 0/8
   473 | D:1      | Learned a level 2 spell: Searing Ray
  1296 | D:2      | Reached skill level 4 in Spellcasting
  1360 | D:2      | Noticed Jessica
  1362 | D:2      | Found an iron altar of Okawaru.
  1365 | D:2      | Killed Jessica
  1366 | D:2      | Reached skill level 5 in Conjurations
  1366 | D:2      | Reached XP level 3. HP: 19/19 MP: 6/10
  1594 | D:2      | Noticed Sigmund
  1599 | D:2      | Killed Sigmund
  1600 | D:2      | Reached skill level 6 in Spellcasting
  1600 | D:2      | Reached XP level 4. HP: 16/24 MP: 7/14
  1600 | D:2      | Reached XP level 5. HP: 19/28 MP: 7/15
  1777 | D:2      | Noticed Terence
  1782 | D:2      | Killed Terence
  2598 | D:2      | Learned a level 4 spell: Fulminant Prism
  2603 | D:2      | Learned a level 4 spell: Iskenderun's Mystic Blast
  2656 | D:3      | Noticed Grinder
  2665 | D:3      | Killed Grinder
  2666 | D:3      | Reached skill level 7 in Spellcasting
  2666 | D:3      | Reached XP level 6. HP: 13/32 MP: 4/18
  3402 | D:3      | Noticed Natasha
  3404 | D:3      | Killed Natasha
  3405 | D:3      | Reached skill level 1 in Translocations
  3405 | D:3      | Reached XP level 7. HP: 36/36 MP: 15/19
  3866 | D:3      | Noticed Natasha
  3881 | D:3      | Killed Natasha
  4107 | D:3      | Noticed Natasha
  4114 | D:3      | Killed Natasha
  4326 | D:3      | Found Uruore's Armour Shoppe.
  4337 | D:3      | Bought a +1 helmet for 115 gold pieces
  4542 | D:4      | Reached skill level 5 in Hexes
  4772 | D:4      | You fall into a shaft and drop 3 floors!
  4800 | D:7      | Found a staircase to the Ecumenical Temple.
  4811 | Temple   | Entered the Ecumenical Temple
  4820 | Temple   | Became a worshipper of Vehumet
  5525 | D:7      | Noticed a steam dragon
  6155 | D:6      | Reached XP level 8. HP: 31/41 MP: 12/20
  6418 | D:5      | Entered Level 5 of the Dungeon
  6449 | D:5      | Reached skill level 5 in Translocations
  6831 | D:4      | Found a basalt altar of Yredelemnul.
  7019 | D:4      | Reached * piety under Vehumet
  7019 | D:4      | Offered knowledge of Foxfire by Vehumet.
  7223 | D:4      | Noticed Edmund
  7229 | D:4      | Killed Edmund
  7230 | D:4      | Reached skill level 1 in Fighting
  7230 | D:4      | Reached skill level 8 in Spellcasting
  7378 | D:4      | Found a stormy altar of Qazlal.
  8168 | D:5      | Reached skill level 9 in Spellcasting
  8525 | D:6      | Found Cckic's Commerce Corner.
  8595 | D:6      | Reached XP level 9. HP: 51/51 MP: 16/24
  9147 | D:6      | Noticed Duvessa
  9153 | D:6      | Killed Duvessa
  9158 | D:6      | Noticed Dowan
  9161 | D:6      | Killed Dowan
  9674 | D:7      | Identified a scroll of acquirement
  9674 | D:7      | Acquired a ring of willpower
  9712 | D:7      | Learned a level 3 spell: Mephitic Cloud
  9716 | D:7      | Learned a level 3 spell: Ignite Poison
  9762 | D:7      | Found a hazy altar of Hepliaklqana.
 10172 | D:8      | Reached skill level 1 in Poison Magic
 10290 | D:8      | Reached skill level 5 in Fighting
 10489 | D:8      | Offered knowledge of Scorch by Vehumet.
 10566 | D:8      | Reached skill level 5 in Poison Magic
 10860 | D:8      | Noticed Pikel
 10996 | D:8      | Killed Pikel
 10996 | D:8      | Reached ** piety under Vehumet
 10997 | D:8      | Reached XP level 10. HP: 32/59 MP: 14/25
 11398 | D:8      | Reached skill level 1 in Fire Magic
 11835 | D:9      | Noticed Grum
 11990 | D:9      | Killed Grum
 12076 | D:9      | Noticed a two-headed ogre
 12086 | D:9      | Killed a two-headed ogre
 12087 | D:9      | Reached skill level 5 in Dodging
 12088 | D:9      | Noticed Joseph
 12099 | D:9      | Killed Joseph
 12234 | D:9      | Reached skill level 5 in Fire Magic
 12267 | D:9      | Noticed Erica
 12607 | D:9      | Killed Erica
 12608 | D:9      | Reached XP level 11. HP: 63/63 MP: 14/26
 12706 | D:9      | Reached skill level 1 in Evocations
 12965 | D:9      | Offered knowledge of Static Discharge by Vehumet.
 12997 | D:9      | Reached skill level 10 in Spellcasting
 13077 | D:9      | Noticed a two-headed ogre
 13084 | D:9      | Killed a two-headed ogre
 13137 | D:9      | Noticed a boulder beetle
 13155 | D:9      | Noticed a four-headed hydra
 13159 | D:9      | Killed a boulder beetle
 13167 | D:9      | Killed a four-headed hydra
 13167 | D:9      | Reached *** piety under Vehumet
 13168 | D:9      | Reached skill level 11 in Spellcasting
 13168 | D:9      | Reached skill level 5 in Evocations
 13270 | D:9      | Found a shadowy altar of Dithmenos.
 14074 | D:9      | Found a staircase to the Orcish Mines.
 14190 | D:9      | Found a sacrificial altar of Ru.
 14235 | D:9      | Found a sparkling altar of Nemelex Xobeh.
 14372 | D:9      | Noticed Erolcha
 14382 | D:9      | Killed Erolcha
 14383 | D:9      | Reached skill level 5 in Stealth
 14383 | D:9      | Reached skill level 12 in Spellcasting
 14656 | D:10     | Entered Level 10 of the Dungeon
 14889 | D:10     | Offered knowledge of Sticky Flame by Vehumet.
 16392 | D:11     | Noticed a two-headed ogre
 16401 | D:11     | Killed a two-headed ogre
 16401 | D:11     | Reached **** piety under Vehumet
 16402 | D:11     | Reached skill level 1 in Air Magic
 16402 | D:11     | Reached XP level 12. HP: 68/68 MP: 22/30
 16558 | D:11     | Offered knowledge of Yara's Violent Unravelling by Vehumet.
 16566 | D:11     | Noticed Urug
 16578 | D:11     | Killed Urug
 16652 | D:11     | Reached skill level 1 in Shields
 17675 | D:11     | Found a staircase to the Lair.
 18065 | Lair:1   | Entered Level 1 of the Lair of Beasts
 18202 | Lair:1   | Reached skill level 10 in Hexes
 18371 | Lair:1   | Noticed a death yak
 18382 | Lair:1   | Reached ***** piety under Vehumet
 18390 | Lair:1   | Killed a death yak
 18835 | Lair:1   | Noticed a six-headed hydra
 18847 | Lair:1   | Killed a six-headed hydra
 18995 | Lair:1   | Reached skill level 1 in Transmutations
 18997 | Lair:1   | Noticed a four-headed hydra
 19003 | Lair:1   | Killed a four-headed hydra
 19003 | Lair:1   | Offered knowledge of Lightning Bolt by Vehumet.
 19207 | Lair:1   | Identified the +0 helmet "Uwueq" {rC+}
 19372 | Lair:1   | Learned a level 5 spell: Lee's Rapid Deconstruction
 19893 | Lair:2   | Noticed a four-headed hydra
 19897 | Lair:2   | Killed a four-headed hydra
 19898 | Lair:2   | Reached XP level 13. HP: 72/72 MP: 26/31
 19952 | Lair:2   | Reached skill level 5 in Earth Magic
 21296 | Lair:3   | Found the +3 robe of Clouds {*Thunder rCloud rElec}
 21654 | Lair:3   | Found a staircase to the Swamp.
 22218 | Lair:3   | Found a staircase to the Snake Pit.
 24084 | Lair:4   | Reached skill level 13 in Spellcasting
 24176 | Lair:4   | Found a transporter.
 24517 | Lair:4   | Found a transporter.
 24978 | Lair:5   | Offered knowledge of Starburst by Vehumet.
 25409 | Lair:5   | Reached skill level 14 in Spellcasting
 25442 | Lair:5   | Reached XP level 14. HP: 82/82 MP: 30/34
 26235 | D:12     | Noticed Maurice
 26240 | D:12     | Killed Maurice
 26442 | D:12     | Noticed Frances
 26451 | D:12     | Killed Frances
 27179 | D:12     | Noticed Nessos
 27192 | D:12     | Killed Nessos
 27255 | D:12     | Reached skill level 10 in Conjurations
 27814 | D:12     | You fall into a shaft and drop 1 floor!
 28626 | D:13     | Reached skill level 5 in Transmutations
 29442 | D:13     | Found a burning altar of Makhleb.
 29626 | D:13     | Found a gate to the Vaults.
 29635 | D:13     | Upgraded the game from 0.28-a0-769-g550dbda0cd to
                  | 0.28-a0-773-g130ae17fe5
 29740 | Orc:1    | Entered Level 1 of the Orcish Mines
 29743 | Orc:1    | Noticed Nergalle
 29754 | Orc:1    | Offered knowledge of Iskenderun's Battlesphere by Vehumet.
 29762 | Orc:1    | Killed Nergalle
 30182 | Orc:1    | Found Tomemar's Antique Armour Emporium.
 30358 | Orc:1    | Noticed Jorgrun
 30374 | Orc:1    | Killed Jorgrun
 30899 | Orc:1    | Found Daota's Gadget Gallery.
 30978 | Orc:2    | Entered Level 2 of the Orcish Mines
 30979 | Orc:2    | Noticed Sonja
 30983 | Orc:2    | Killed Sonja
 31188 | Orc:2    | Gained mutation: You are dopey. (Int -2) [a neqoxec]
 31296 | Orc:2    | Reached skill level 5 in Air Magic
 31650 | Orc:2    | Reached skill level 15 in Spellcasting
 32046 | Orc:2    | Found Muesemit's Assorted Antiques.
 32141 | Orc:2    | Found a staircase to the Elven Halls.
 32142 | Orc:2    | Bought a potion of heal wounds for 115 gold pieces
 32142 | Orc:2    | Bought a potion of invisibility for 184 gold pieces
 32319 | Orc:2    | Reached XP level 15. HP: 86/86 MP: 34/36
 32520 | Orc:2    | Offered knowledge of Iron Shot by Vehumet.
 32652 | Orc:2    | Found Viefaoz's Distillery.
 32663 | Orc:2    | Found Neuhe's Distillery.
 32690 | Orc:2    | Gained mutation: You occasionally shout uncontrollably at
                  | your foes. [a neqoxec]
 33382 | Orc:2    | Reached skill level 16 in Spellcasting
 33888 | Orc:2    | Found Caka's Antique Weapon Emporium.
 33888 | Orc:2    | Found Joiromae's Book Shoppe.
 33889 | Orc:2    | Found a one-way gate leading to the halls of Pandemonium.
 33894 | Orc:2    | Bought a book of Annihilations for 1020 gold pieces
 33901 | Orc:2    | Learned a level 6 spell: Iron Shot
 34003 | Orc:2    | Bought a scroll of blinking for 172 gold pieces
 34025 | Orc:2    | Bought a potion of heal wounds for 85 gold pieces
 34027 | Orc:2    | Bought a potion of heal wounds for 50 gold pieces
 34027 | Orc:2    | Bought a potion of heal wounds for 50 gold pieces
 34027 | Orc:2    | Bought a potion of curing for 30 gold pieces
 34027 | Orc:2    | Bought a potion of heal wounds for 50 gold pieces
 35305 | D:14     | Noticed Azrael
 35316 | D:13     | Killed Azrael
 36214 | D:14     | Found a glowing golden altar of the Shining One.
 36231 | D:14     | Noticed Josephine
 36236 | D:14     | Killed Josephine
 36237 | D:14     | Reached skill level 10 in Earth Magic
 36553 | D:15     | Entered Level 15 of the Dungeon
 37022 | D:15     | Offered knowledge of Orb of Destruction by Vehumet.
 37097 | D:15     | Learned a level 7 spell: Orb of Destruction
 38204 | D:15     | Found a staircase to the Depths.
 38212 | D:15     | Noticed a fire giant
 38221 | D:15     | Killed a fire giant
 39240 | Snake:1  | Entered Level 1 of the Snake Pit
 39382 | Snake:1  | Reached skill level 10 in Translocations
 39610 | Snake:1  | Reached XP level 16. HP: 88/92 MP: 34/38
 41039 | Snake:2  | Reached skill level 17 in Spellcasting
 42691 | Snake:3  | Offered knowledge of Conjure Ball Lightning by Vehumet.
 42921 | Snake:3  | Reached skill level 18 in Spellcasting
 43492 | Snake:3  | Found Cofuexeil's Jewellery Shoppe.
 43492 | Snake:3  | Found Vuppic's Antique Weapon Emporium.
 43506 | Snake:3  | Bought a ring of see invisible for 195 gold pieces
 43936 | Snake:4  | Entered Level 4 of the Snake Pit
 44846 | Snake:4  | Offered knowledge of Spellforged Servitor by Vehumet.
 45130 | Snake:4  | Reached XP level 17. HP: 100/100 MP: 18/41
 45462 | Snake:4  | Found Feuce's Book Boutique.
 45462 | Snake:4  | Found Pyothute's Jewellery Shoppe.
 45463 | Snake:4  | Found Lomuicuq's Jewellery Shoppe.
 45477 | Snake:4  | Bought a book of Alchemy for 420 gold pieces
 45480 | Snake:4  | Learned a level 2 spell: Sublimation of Blood
 46993 | Snake:4  | Reached skill level 10 in Stealth
 47300 | Snake:4  | Got a serpentine rune of Zot
 47620 | Swamp:1  | Entered Level 1 of the Swamp
 48022 | Swamp:1  | Found the +8 demon trident "Rift" {distort, reach+}
 49159 | Swamp:2  | Reached skill level 1 in Necromancy
 49896 | Swamp:2  | Reached skill level 5 in Necromancy
 50097 | Swamp:3  | Noticed Mara
 50103 | Swamp:3  | Killed Mara
 50191 | Swamp:3  | Noticed Louise
 50199 | Swamp:3  | Killed Louise
 50199 | Swamp:3  | HP: 3/100 [spore (42)]
 50775 | Swamp:3  | Noticed Kirke
 50780 | Swamp:3  | Killed Kirke
 50945 | Swamp:3  | Reached XP level 18. HP: 94/105 MP: 36/42
 51498 | Swamp:4  | Entered Level 4 of the Swamp
 51503 | Swamp:4  | Reached skill level 10 in Necromancy
 52260 | Swamp:4  | Reached skill level 10 in Dodging
 52399 | Swamp:4  | Gained mutation: You tend to lose your temper in combat. [a
                  | neqoxec]
 52795 | Swamp:4  | Reached ****** piety under Vehumet
 53217 | Swamp:4  | Got a decaying rune of Zot
 53647 | Lair:1   | Upgraded the game from 0.28-a0-773-g130ae17fe5 to
                  | 0.28-a0-779-g3d1f99b579
 53657 | Lair:1   | Learned a level 9 spell: Fire Storm
 53708 | Lair:1   | Learned a level 5 spell: Irradiate
 53715 | Lair:1   | Learned a level 6 spell: Invisibility
 53858 | Elf:1    | Entered Level 1 of the Elven Halls
 54171 | Elf:1    | Offered knowledge of Lehudib's Crystal Spear by Vehumet.
 54171 | Elf:1    | Offered knowledge of Ignition by Vehumet.
 54171 | Elf:1    | Offered knowledge of Maxwell's Capacitive Coupling by
                  | Vehumet.
 54600 | Lair:1   | Lost mutation: You are dopey. (Int -2) [potion of mutation]
 54600 | Lair:1   | Lost mutation: You tend to lose your temper in combat.
                  | [potion of mutation]
 54600 | Lair:1   | Gained mutation: You tend to lose your temper in combat.
                  | [potion of mutation]
 54601 | Lair:1   | Lost mutation: You occasionally shout uncontrollably at
                  | your foes. [potion of mutation]
 54601 | Lair:1   | Lost mutation: You tend to lose your temper in combat.
                  | [potion of mutation]
 54601 | Lair:1   | Gained mutation: You possess an exceptional clarity of
                  | mind. [potion of mutation]
 54601 | Lair:1   | Gained mutation: You have hidden genetic potential. [potion
                  | of mutation]
 54601 | Lair:1   | Gained mutation: You are clumsy. (Dex -2) [potion of
                  | mutation]
 55360 | Elf:1    | Identified the +2 scale mail of Urirevob {rElec rC- rCorr
                  | Int+5}
 56263 | Elf:1    | Found a runed translucent gate.
 56263 | Elf:1    | Found a runed translucent gate.
 56263 | Elf:1    | Found a runed translucent gate.
 56263 | Elf:1    | Found a runed translucent gate.
 56263 | Elf:1    | Found a runed translucent gate.
 56265 | Elf:1    | Found a runed translucent gate.
 57134 | Elf:1    | Identified the +3 arbalest "Byxt" {flame, Will+ Dex+2
                  | Stlth+}
 58302 | Elf:2    | Reached XP level 19. HP: 110/110 MP: 31/43
 58558 | Elf:2    | Reached skill level 10 in Fire Magic
 58608 | Elf:2    | Identified the amulet "Tajecs" {Faith rElec rPois}
 58733 | Elf:2    | Found a huge runed translucent gate.
 58733 | Elf:2    | Found a huge runed translucent gate.
 58733 | Elf:2    | Found a huge runed translucent gate.
 58739 | Elf:2    | Found a huge runed translucent gate.
 58739 | Elf:2    | Found a huge runed translucent gate.
 59166 | Elf:2    | Found Ripn's Assorted Antiques.
 59180 | Elf:2    | Bought a scroll of blinking for 247 gold pieces
 61005 | Elf:3    | Entered Level 3 of the Elven Halls
 61016 | Elf:3    | Paralysed by an air elemental for 1 turns
 61838 | Elf:3    | Gained mutation: You have a pair of small antennae on your
                  | head. [hidden potential]
 62259 | Elf:3    | Identified the +8 mace of World's End {elec, rElec}
 62419 | Elf:3    | Reached skill level 10 in Fighting
 62430 | Elf:3    | Shot with an arrow by a deep elf master archer

Illustrated notes

Levels and vault maps discovered:
D:1:      tarquinn_simple_flora_water_d, layout_basic,
          hellmonk_ecumenical_altar_lost_god
D:2:      layout_basic, basic_altar, uniq_terence, uniq_jessica, uniq_sigmund
D:3:      minmay_recursive_quarters, layout_loops_ring, serial_shops,
          nicolae_lakefront_shop, minmay_surrounded, uniq_grinder, uniq_natasha
D:4:      layout_cave_pools, mainiacjoe_overflow_small_starburst,
          nicolae_qazlal_scattered_showers, kennysheep_generic_room_8,
          uniq_edmund
D:5:      layout_basic, kennysheep_generic_room_6
D:6:      layout_loops_ring, nicolae_alphabet_shops, kennysheep_dice,
          uniq_duvessa
D:7:      layout_loops_ring, nicolae_hepliaklqana_hazy_memory,
          minmay_temple_entry_overgrown
D:8:      layout_basic, minmay_manual_mandibuliform, uniq_pikel
D:9:      nzn_winding_woodlands_large [nzn_winding_woodlands_hourglass,
          nzn_winding_woodlands_5x15_longhouse,
          nzn_winding_woodlands_5x5_closed_star,
          nzn_winding_woodlands_center_pierced_h,
          nzn_winding_woodlands_15x15_eel_pit,
          nzn_winding_woodlands_center_lodge, nzn_winding_woodlands_5x5_three,
          nzn_winding_woodlands_5x15_zeroes,
          nzn_winding_woodlands_5x5_open_star], layout_loops_ring,
          kennysheep_mini, nicolae_ru_the_path_less_chosen,
          nicolae_dithmenos_shadow_blocks, orc_0_dummy,
          chequers_serial_rivers_small_b, minmay_variable_closet,
          minmay_fire_ice_demons, uniq_grum, uniq_joseph, uniq_erica,
          uniq_erolcha
D:10:     layout_layer_cave, minmay_misc_feat_nine_boxes, hangedman_misty_isle
D:11:     layout_long_grid, erik_lair_island, serial_rivers,
          chequers_serial_rivers_large_a, chequers_serial_rivers_large_b,
          chequers_serial_rivers_micro_a, chequers_serial_rivers_room_b,
          uniq_urug
D:12:     layout_gridville, hellmonk_bongcloud_opening, uniq_nessos,
          uniq_frances, uniq_maurice
D:13:     dreamdust_black_sun_cult, layout_long_grid, david_vaults_4,
          bloody_makhleb
D:14:     layout_roguey, special_room [special_room_orc],
          nicolae_tso_carved_into_rock, uniq_josephine, uniq_azrael
D:15:     grunt_enter_depths_giant_problem, layout_loops_ring, serial_rivers,
          chequers_serial_rivers_room_b, chequers_serial_rivers_micro_c,
          chequers_serial_rivers_micro_e, chequers_serial_rivers_micro_e,
          chequers_serial_rivers_small_b, chequers_serial_rivers_marsh,
          minivault_4, portal_ice_cave_entry_ugly_swarm,
          lightli_fourway_metalbox
Temple:   eino_temple_scatter_basement
Lair:1:   dreamdust_isle_of_ice, layout_loops_ring
Lair:2:   layout_cave_pods, gauntlet_entry_generic
Lair:3:   beast_lair_carwin_large_2, layout_layer_cave,
          minmay_swamp_entry_wisps, dummy_snake_entry
Lair:4:   gammafunk_boulding_lane, layout_layer_cave
Lair:5:   layout_loops_ring
Swamp:1:  layout_falls_marsh, evilmike_swamp_ruin_rubble_2
Swamp:2:  layout_basic_swamp, evilmike_swamp_ruin_house_5, hangedman_swamp_grove
Swamp:3:  layout_basic_swamp, evilmike_swamp_ruin_house_1, uniq_louise,
          uniq_mara, uniq_kirke
Swamp:4:  nzn_swamp_witches_coven, layout_basic_swamp, swamp_pool5,
          nicolae_swamp_well_well_well, infiniplex_staircase_pool
Snake:1:  nicolae_snake_nest, layout_rooms
Snake:2:  layout_gridlike
Snake:3:  layout_layer_cave, grunt_megastairs_4, minmay_shoptagon
Snake:4:  snake_pit, layout_basic, nicolae_coiled_stairwell_up,
          grunt_megastairs_3, minmay_shop_grove, serial_bayou_shore_a
Orc:1:    layout_caves, serial_shops, shop, nicolae_shop_gadgets, uniq_nergalle,
          uniq_jorgrun
Orc:2:    pf_orc_diabolical, layout_caves, serial_shops, shop, uniq_sonja
Elf:1:    eino_elf_arrival_shootout, layout_geoelf_diagonals, orc_legates
Elf:2:    elven_hall_of_blades_hangedman_alternative [mumra_blade_entry_dagger],
          layout_loops_cross, serial_shops, nicolae_lakefront_shop, drop_trap,
          nicolae_elf_crossing_hall
Elf:3:    minmay_elf_hall_not_hex, layout_rooms,
          nicolae_elf_free_trip_to_the_abyss

Skill      XL: |  1  2  3  4  5  6  7  8  9 10 11 12 13 14 15 16 17 18 19 |
---------------+----------------------------------------------------------+-----
Spellcasting   | 4 6 7 9 12 14 15 16 18 | 18.0
Conjurations   | 5 6 7 8 9 12 13 14 | 14.0
Hexes          | 3 4 6 7 9 12 14 | 14.0
Translocations | 1 4 5 7 9 10 12 | 12.0
Fighting       | 3 5 7 9 10 | 10.0
Poison Magic   | 6 7 |  7.0
Dodging        | 7 9 12 | 12.0
Fire Magic     | 5 9 13 | 13.0
Evocations     | 5 6 7 |  7.0
Stealth        | 7 12 | 12.0
Air Magic      | 1 3 5 |  5.0
Shields        | 4 |  4.0
Transmutations | 4 5 |  5.0
Earth Magic    | 4 9 12 13 14 | 14.0
Necromancy     | 9 14 | 14.1

Action                   |  1- 3 |  4- 6 |  7- 9 | 10-12 | 13-15 | 16-18 | 19-21 || total
-------------------------+-------+-------+-------+-------+-------+-------+-------++-------
Melee: Trident           |       |       |       |    21 |       |       |       ||    21
       Staff             |       |       |       |     1 |    10 |     2 |       ||    13
 Fire: Hunting sling     |       |       |       |    57 |    23 |       |       ||    80
Throw: Dart              |       |       |    28 |    13 |     6 |     1 |       ||    48
       Stone             |       |       |     1 |       |       |       |       ||     1
       Throwing net      |       |       |     1 |       |       |       |       ||     1
       Boomerang         |       |       |       |     1 |       |       |       ||     1
 Cast: Magic Dart        |    41 |    30 |    33 |     1 |     3 |       |     1 ||   109
       Searing Ray       |     6 |    12 |    85 |    76 |   127 |    16 |     3 ||   325
       Fulminant Prism   |       |       |    25 |   115 |   318 |    86 |    25 ||   569
       Iskenderun's Myst |       |       |    15 |    57 |   131 |   129 |    17 ||   349
       Mephitic Cloud    |       |       |       |     9 |    11 |       |       ||    20
       Ignite Poison     |       |       |       |       |     4 |       |       ||     4
       Lee's Rapid Decon |       |       |       |       |    10 |    28 |    22 ||    60
       Iron Shot         |       |       |       |       |    24 |   322 |    44 ||   390
       Orb of Destructio |       |       |       |       |     4 |   106 |    29 ||   139
       Sublimation of Bl |       |       |       |       |       |    11 |     1 ||    12
       Invisibility      |       |       |       |       |       |     3 |     1 ||     4
Evoke: Wand              |       |       |     2 |    35 |    12 |    10 |     1 ||    60
  Use: Scroll            |       |     4 |    15 |    11 |     4 |     4 |     2 ||    40
       Potion            |       |       |       |       |     3 |     3 |     1 ||     7
 Stab: Paralysed         |       |       |       |    10 |       |       |       ||    10
Armor: Robe              |       |     3 |    11 |    36 |    35 |    39 |     4 ||   128
       Steam dragon scal |       |       |     4 |     6 |       |       |       ||    10
Dodge: Dodged            |     5 |    10 |    31 |    85 |    86 |    99 |    17 ||   333
Block: Other             |       |     1 |     9 |       |       |       |       ||    10
       Reflection        |       |       |     1 |       |       |       |       ||     1
       Buckler           |       |       |       |       |    38 |    33 |     4 ||    75

Table legend: (Time is in decaauts)
 A = Elapsed time spent in this place.
 B = Non-inter-level travel time spent in this place.
 C = Inter-level travel time spent in this place.
 D = Time resting spent in this place.
 E = Time spent auto-exploring this place.
 F = Levels seen in this place.
 G = Mean time per level.
                   A        B        C        D        E       F      G
               +--------+--------+--------+--------+--------+-----+--------+
         Total |  63002 |  59538 |   3464 |  30119 |  18212 |  34 | 1853.0 |
       Dungeon |  26830 |  25542 |   1288 |  12319 |   9034 |  15 | 1788.7 |
        Temple |     18 |      9 |      9 |      0 |      1 |   1 |   18.0 |
          Lair |   9210 |   8401 |    809 |   3229 |   3559 |   5 | 1842.0 |
         Swamp |   6233 |   5959 |    274 |   3462 |   1276 |   4 | 1558.2 |
     Snake Pit |   8261 |   7907 |    354 |   4274 |   2154 |   4 | 2065.2 |
  Orcish Mines |   4539 |   4049 |    490 |   2132 |   1046 |   2 | 2269.5 |
   Elven Halls |   7909 |   7671 |    238 |   4702 |   1141 |   3 | 2636.3 |
               +--------+--------+--------+--------+--------+-----+--------+

Top non-repeatable levels by time:
   Elf:2: 3963 daAuts
   Orc:2: 3494 daAuts
 Snake:4: 3364 daAuts
   Elf:1: 3239 daAuts
     D:9: 3078 daAuts
  Lair:1: 2768 daAuts
    D:13: 2395 daAuts
 Swamp:2: 2256 daAuts
    D:12: 2114 daAuts
    D:15: 2075 daAuts
  Lair:3: 2068 daAuts
    D:10: 2006 daAuts
    D:11: 1952 daAuts
     D:6: 1896 daAuts
 Swamp:4: 1880 daAuts
